 Dungeon Crawl Stone Soup version 0.22-b1-26-g9dbaab1 (webtiles) character file.

72 Lew the Sneak (level 4, 0/19 HPs)
             Began as a Felid Summoner on Aug 8, 2018.
             Succumbed to an adder's poison
             ... on level 3 of the Dungeon.
             The game lasted 00:07:30 (2246 turns).

Lew the Sneak (Felid Summoner)                      Turns: 2246, Time: 00:07:30

Health: 0/19       AC:  1    Str:  5    XL:     4   Next: 6%
Magic:  8/8        EV: 19    Int: 16    God:
Gold:   62         SH:  0    Dex: 16    Spells: 6/7 levels left
                                        Lives:  0   Deaths: 1

rFire    . . .     SeeInvis +     - Unarmed
rCold    . . .     Gourm    .   (shield unavailable)
rNeg     . . .     Faith    .   (armour unavailable)
rPois    .         Spirit   .   (helmet unavailable)
rElec    .         Reflect  .   (cloak unavailable)
rCorr    .         Harm     .   (gloves unavailable)
MR       .....                  (boots unavailable)
Stlth    +++.......             (no amulet)
HPRegen  0.06/turn              (no ring)
MPRegen  0.11/turn              (no ring)

@: lethally poisoned (0 -> -10), quick
A: very small, no armour, no weapons or thrown items, stealth, claws 1, fangs 3,
see invisible, carnivore, speed 1, shaggy fur 1, slow metabolism 1, sharp paws
a: no special abilities


You were on level 3 of the Dungeon.
You were not hungry.

You visited 1 branch of the dungeon, and saw 3 of its levels.

You collected 62 gold pieces.

Inventory:

Jewellery
 c - an uncursed ring of poison resistance {unknown}
 e - an uncursed ring of wizardry {unknown}
Scrolls
 b - a scroll of fear
 d - a scroll of identify {unknown}
 h - a scroll of remove curse {unknown}
Potions
 a - a potion of flight {unknown}
 f - a potion of magic {unknown}
Comestibles
 g - a ration


   Skills:
 + Level 1.8 Fighting
 + Level 4.0 Dodging
 * Level 5.0 Stealth
 + Level 1.8 Unarmed Combat
 - Level 2.0 Spellcasting
 - Level 4.0 Summonings


You had 6 spell levels left.
You knew the following spells:

 Your Spells              Type           Power        Failure   Level  Hunger
a - Summon Small Mammal   Summ           ##..         4%          1    #......

Your spell library contained the following spells:

 Spells                   Type           Power        Failure   Level  Hunger
 Summon Ice Beast         Ice/Summ       #.......     65%         4    #####..
 Call Imp                 Summ           ##......     6%          2    ###....
 Call Canine Familiar     Summ           ##......     12%         3    ###....
 Summon Lightning Spire   Summ/Air       #.......     65%         4    #####..
 Summon Guardian Golem    Hex/Summ       #.......     26%         3    ###....


Dungeon Overview and Level Annotations

Branches:
Dungeon (3/15)

Altars:


Innate Abilities, Weirdness & Mutations

You cannot wear armour.
You are incapable of wielding weapons or throwing items.
Your paws allow you to move quietly. (Stealth)
You have sharp claws.
You have razor-sharp teeth.
You have supernaturally acute eyesight. (SInv)
You are carnivorous and can eat meat at any time.
You cover ground quickly.
You are covered in fur. (AC +1)
You have a slow metabolism.
Your sharp claws are effective at attacking unaware monsters.


Message History

You miss the adder.
The adder is severely wounded.
You feel sick. The adder closely misses you.
You scratch the adder.
The adder is severely wounded.
The adder bites you.
* * * LOW HITPOINT WARNING * * *
You are lethally poisoned!
The adder poisons you!
You scratch the adder.
The adder is almost dead.
* * * LOW HITPOINT WARNING * * *
You feel sick. The adder bites you.
* * * LOW HITPOINT WARNING * * *
You completely miss the adder.
The adder is almost dead.
The adder completely misses you. The adder closely misses you.
You barely miss the adder. Your bite misses the adder.
The adder is almost dead.
You die...

#.# #.# #.#
######.#### #+##
#......†..# #...##
#.####.##.# ##.....##
#.#..# ##.......#
###....####.........
...........'.@S......
###.#...####.........
#.##..# ##.......#
......# .......##
##.##### ###...## #
..## ..# ..#


You could see an adder.

Vanquished Creatures
  A necrophage (D:2)
  2 adders (D:2)
  A dart slug (D:1)
  A leopard gecko (D:1)
  9 bats
  2 giant cockroaches (D:1)
  6 goblins
  4 hobgoblins
  A frilled lizard (D:2)
  4 kobolds
  3 rats
34 creatures vanquished.

Notes
Turn   | Place    | Note
-------+----------+-------------------------------------------
     0 | D:1      | Lew the Felid Summoner began the quest for the Orb.
     0 | D:1      | Reached XP level 1. HP: 7/7 MP: 4/4
   618 | D:1      | Reached skill level 3 in Stealth
   650 | D:1      | Reached XP level 2. HP: 5/12 MP: 6/6
  1584 | D:2      | Noticed a necrophage
  1615 | D:2      | Killed a necrophage
  1615 | D:2      | Reached skill level 1 in Fighting
  1615 | D:2      | Reached skill level 4 in Stealth
  1615 | D:2      | Reached skill level 1 in Unarmed Combat
  1615 | D:2      | Reached XP level 3. HP: 13/16 MP: 7/7
  1615 | D:2      | Reached XP level 4. HP: 16/19 MP: 8/8
  1824 | D:2      | Reached skill level 5 in Stealth
  1825 | D:2      | Slain by a kobold
  1826 | D:2      | Reached XP level 3. HP: -2/16 MP: 7/7
  1871 | D:2      | Reached XP level 4. HP: 13/19 MP: 8/8
  2246 | D:3      | Succumbed to an adder's poison

Skill      XL: |  1  2  3  4 |
---------------+-------------+-----
Stealth        | 3 4 5 |  5.0
Dodging        | 3 4 |  4.0
Fighting       | 1 |  1.8
Unarmed Combat | 1 |  1.8
Spellcasting   | |  2.0
Summonings     | |  4.0

Action                   |  1- 3 |  4- 6 || total
-------------------------+-------+-------++-------
Melee: Unarmed           |   121 |    53 ||   174
       Bite              |     4 |     3 ||     7
 Cast: Summon Small Mamm |     4 |       ||     4
  Use: Scroll            |     1 |     1 ||     2
       Potion            |     1 |       ||     1
 Stab: Sleeping          |     8 |     3 ||    11
       Distracted        |       |     1 ||     1
  Eat: Chunk             |       |     6 ||     6
       Ration            |       |     1 ||     1
Armor: Skin              |    21 |     7 ||    28
Dodge: Dodged            |   140 |    36 ||   176
